 Dungeon Crawl Stone Soup version 0.28-a0-687-gb91baff9cc (webtiles) character file.

Game seed: 7083332329204400350

8 Iscandelvey the Firebug (level 2, 19/19 HPs)
             Began as a Demonspawn Fire Elementalist on Oct 20, 2021.
             Quit the game on level 1 of the Dungeon.
             The game lasted 00:01:05 (239 turns).

Iscandelvey the Firebug (DsFE)                       Turns: 239, Time: 00:01:06

Health: 19/19      AC:  2    Str:  8    XL:     2   Next: 0%
Magic:  1/5        EV: 12    Int: 16    God:
Gold:   0          SH:  4    Dex: 13    Spells: 4/5 levels left

rFire   . . .      SeeInvis .   (no weapon)
rCold   . . .      Faith    .   (no shield)
rNeg    . . .      Spirit   .   a - +0 robe
rPois   .          Reflect  .   (no helmet)
rElec   .          Harm     .   (no cloak)
rCorr   .          Rampage  .   (no gloves)
Will    .....                   (no boots)
Stlth   ++........              (no amulet)
HPRegen 0.06/turn               (no ring)
MPRegen 0.09/turn               (no ring)

@: no status effects
A: condensation shield
a: no special abilities


You were on level 1 of the Dungeon.
You visited 1 branch of the dungeon, and saw 1 of its levels.

Inventory:

Armour
 a - a +0 robe (worn)


   Skills:
 + Level 2.0 Dodging
 + Level 2.0 Stealth
 + Level 2.1 Spellcasting
 + Level 1.0 Conjurations
 + Level 2.9 Fire Magic


You had 4 spell levels left.
You knew the following spells:

 Your Spells              Type           Power      Damage    Failure   Level
a - Foxfire               Conj/Fire      32%        2x1d5     9%          1

Your spell library contained the following spells:

 Spells                   Type           Power      Damage    Failure   Level
 Scorch                   Fire           20%        2d6       10%         2
 Conjure Flame            Conj/Fire      8%         6-21      26%         3
 Inner Flame              Hex/Fire       6%         N/A       34%         3
 Flame Wave               Conj/Fire      8%         3d4       65%         4


Dungeon Overview and Level Annotations

Branches:
Dungeon (1/15)

Altars:


Innate Abilities, Weirdness & Mutations

A meltable shield of frost defends you. (SH +4)


Message History

The foxfire hits the hobgoblin.
The hobgoblin is severely wounded.
The foxfire hits the hobgoblin.
You kill the hobgoblin!
You start resting.
Magic restored.
You start resting.
HP restored.
You open the door.
There is an open door here.
A bat comes into view.
Casting: Foxfire (safe; 10% risk of failure)
Confirm with . or Enter, or press ? or * to list all spells.
You conjure some foxfire!
The foxfire hits the bat.
You kill the bat!
A goblin comes into view. It is wielding a +0 dagger.
Your foxfire dissipates!
Casting: Foxfire (safe; 10% risk of failure)
Confirm with . or Enter, or press ? or * to list all spells.
You miscast Foxfire.
You are very lightly contaminated with residual magic.
Nothing appears to happen.
Unknown command.
Casting: Foxfire (safe; 10% risk of failure)
Confirm with . or Enter, or press ? or * to list all spells.
You conjure some foxfire!
Unknown command.
The foxfire hits the goblin.
The goblin is heavily wounded.
The foxfire hits the goblin.
You kill the goblin!
Your Dodging skill increases to level 2!
You have reached level 2!
Your demonic ancestry asserts itself...
Frost condenses into a shield before you.
Found a gluggy blue potion.
Your magical contamination has completely faded away.
You see here a +0 dagger.
Are you sure you want to abandon this character and quit the game? (Confirm with "yes".)

.###.###.# #...# .# #.#
#.# #...# .# #.# #.#
#...# .###.###.# #...#
..##.....# #...#
#.######.#######...#####
#.# #.#..............
#.# #........).......
#.# ####.#..†...@.......
#.# #.......####...#####
### #####'#.# #.#.#
#♣♣♣♣♣#.#.#.# !###.#
..........#.# # ##
..♣.♣..♣..#.#
♣..≈..♣♣#≈#.#
♣.≈≈≈.♣P#≈#..
..≈8≈..>#≈###


There were no monsters in sight!

Vanquished Creatures
  A bat (D:1)
  An endoplasm (D:1)
  2 goblins (D:1)
  2 hobgoblins (D:1)
6 creatures vanquished.

Vanquished Creatures (others)
  13 foxfires (D:1)
13 creatures vanquished.

Grand Total: 19 creatures vanquished

Notes
Turn   | Place    | Note
-------+----------+-------------------------------------------
     0 | D:1      | Iscandelvey the Demonspawn Fire Elementalist began the
                  | quest for the Orb.
     0 | D:1      | Reached XP level 1. HP: 13/13 MP: 3/3
   232 | D:1      | Gained mutation: A meltable shield of frost defends you.
                  | (SH +4) [demonic ancestry]
   232 | D:1      | Reached XP level 2. HP: 19/19 MP: 0/5
   239 | D:1      | Quit the game

Illustrated notes

Levels and vault maps discovered:
D:1:      tarquinn_simple_flora_water_b, layout_loops_cross, minmay_tetromino_o2

Skill      XL: |  1 |
---------------+----+-----
Stealth        | 2 |  2.0
Dodging        | 2 |  2.0
Spellcasting   | |  2.1
Conjurations   | |  1.0
Fire Magic     | |  2.9

Action                   || total
-------------------------++-------
 Cast: Foxfire           ||     9

Table legend: (Time is in decaauts)
 A = Elapsed time spent in this place.
 B = Non-inter-level travel time spent in this place.
 C = Inter-level travel time spent in this place.
 D = Time resting spent in this place.
 E = Time spent auto-exploring this place.
 F = Levels seen in this place.
 G = Mean time per level.
                   A        B        C        D        E       F      G
               +--------+--------+--------+--------+--------+-----+--------+
         Total |    239 |    239 |      0 |    107 |     90 |   1 |  239.0 |
       Dungeon |    239 |    239 |      0 |    107 |     90 |   1 |  239.0 |
               +--------+--------+--------+--------+--------+-----+--------+

Top non-repeatable levels by time:
     D:1: 239 daAuts
